 Dungeon Crawl Stone Soup version 0.30-a0-335-ge5acde7520 (webtiles) character file.

Game seed: 5863591108197712734

96 p00ps00p the Trooper (level 4, -1/45 HPs)
             Began as a Hill Orc Fighter on Oct 31, 2022.
             Succumbed to a water moccasin's poison
             ... on level 3 of the Dungeon.
             The game lasted 00:03:05 (2118 turns).

p00ps00p the Trooper (Hill Orc Fighter)             Turns: 2118, Time: 00:03:06

Health: -1/45      AC:  6    Str: 18    XL:     4   Next: 67%
Magic:  4/4        EV:  9    Int:  8    God:
Gold:   139        SH:  4    Dex: 12    Spells: 3/3 levels left

rFire   . . .      SeeInvis .    a - +0 war axe
rCold   . . .      Faith    .    c - +0 buckler
rNeg    . . .      Spirit   .    b - +0 scale mail
rPois   .          Reflect  .    (no helmet)
rElec   .          Harm     .    (no cloak)
rCorr   .          Rampage  .    (no gloves)
Will    .....                    (no boots)
Stlth   ..........               (no amulet)
HPRegen 0.27/turn                (no ring)
MPRegen 0.09/turn                (no ring)

@: mighty, lethally poisoned (-1 -> -7)
A: no striking features
a: no special abilities


You were on level 3 of the Dungeon.
You visited 1 branch of the dungeon, and saw 3 of its levels.

You collected 139 gold pieces.

Inventory:

Hand Weapons
 a - a +0 war axe (weapon)
Missiles
 j - 10 boomerangs (quivered)
Armour
 b - a +0 scale mail (worn)
 c - a +0 buckler (worn)
Scrolls
 e - a scroll of enchant armour {unknown}
 i - 5 scrolls of identify {unknown}
 m - a scroll of immolation {unknown}
Potions
 f - 4 potions of curing {unknown}
 g - a potion of heal wounds {unknown}
 h - 2 potions of flight {unknown}
 k - a potion of lignification {unknown}
 l - a potion of experience {unknown}
 n - a potion of ambrosia {unknown}


   Skills:
 + Level 6.4 Fighting
 - Level 2.6 Axes
 - Level 3.2 Armour
 - Level 3.2 Shields


You had 3 spell levels left.
You didn't know any spells.
Your spell library contained the following spells:

 Spells                   Type           Power      Damage    Failure   Level
 Inner Flame              Hex/Fire       0%         N/A       99%         3
 Flame Wave               Conj/Fire      0%         2d4       100%        4
 Sticky Flame             Conj/Fire      0%         2d3       100%        4


Dungeon Overview and Level Annotations

Branches:
Dungeon (3/15)

Altars:
Okawaru
Trog
Wu Jian


Message History

The water moccasin is lightly wounded.
You block the water moccasin's attack. The water moccasin bites you.
You are poisoned.
The water moccasin poisons you!
You slash the water moccasin!
The water moccasin is heavily wounded.
You feel very sick. The water moccasin bites you. x2
You hit the water moccasin.
The water moccasin is severely wounded.
You feel sick. The water moccasin bites you.
The water moccasin barely misses you.
You hit the water moccasin.
The water moccasin is severely wounded.
You feel sick.
The water moccasin bites you but does no damage.
The water moccasin bites you.
You are more poisoned.
The water moccasin poisons you!
You barely miss the water moccasin.
The water moccasin is severely wounded.
* * * LOW HITPOINT WARNING * * *
You feel very sick. The water moccasin bites you.
* * * LOW HITPOINT WARNING * * *
The water moccasin bites you.
* * * LOW HITPOINT WARNING * * *
You feel very mighty all of a sudden.
* * * LOW HITPOINT WARNING * * *
You feel very sick. The water moccasin barely misses you.
You closely miss the water moccasin.
The water moccasin is severely wounded.
* * * LOW HITPOINT WARNING * * *
You feel very sick.
The water moccasin bites you but does no damage.
The water moccasin barely misses you.
You miss the water moccasin.
The water moccasin is severely wounded.
You die...

≈≈≈≈§≈.##.. ... ...§§≈§
... #.# ._.≈§≈..#.# #.#
...§.§..#.####.#
≈≈≈§.........#.#
..§..≈.##......######.
≈≈§≈§≈..#.............
....§..@S......#
#####.###....#.########
#. ##..##........# ..
#..#########.# ## ...##
#.# ..... #.# ###.##
##.## #. ######...#
.......#..


You could see a water moccasin.

Vanquished Creatures
  4 adders
  2 dart slugs (D:1)
  4 ball pythons
  3 endoplasms (D:2)
  4 goblins
  7 hobgoblins
  7 jackals
  3 kobolds
  5 quokkas
  4 bats
  5 frilled lizards
  5 rats
53 creatures vanquished.

Notes
Turn   | Place    | Note
-------+----------+-------------------------------------------
     0 | D:1      | p00ps00p the Hill Orc Fighter began the quest for the Orb.
     0 | D:1      | Reached XP level 1. HP: 19/19 MP: 1/1
   114 | D:1      | Reached skill level 4 in Fighting
   126 | D:1      | Reached XP level 2. HP: 23/27 MP: 2/2
   342 | D:1      | Reached XP level 3. HP: 32/35 MP: 3/3
   366 | D:1      | Reached skill level 5 in Fighting
  1155 | D:2      | Reached XP level 4. HP: 35/44 MP: 4/4
  1363 | D:2      | Found a bloodstained altar of Trog.
  1714 | D:2      | Reached skill level 6 in Fighting
  1978 | D:3      | Found an iron altar of Okawaru.
  2105 | D:3      | Noticed a water moccasin
  2108 | D:3      | Found an ornate altar of the Wu Jian Council.
  2117 | D:3      | HP: 1/45 [poisoned by a water moccasin]
  2118 | D:3      | Succumbed to a water moccasin's poison

Illustrated notes

Levels and vault maps discovered:
D:1:      evilmike_arrival_hilbert_curve, layout_rooms,
          chequers_serial_rivers_room_a, grunt_decor_clamped
D:2:      layout_loops_corners, basic_altar
D:3:      layout_loops_ring, mainiacjoe_overflow_concentric_impassable,
          okawaru_trees_1, dreamdust_ecumenical_altar_angels_and_demons,
          uniq_grinder, uniq_terence, uniq_robin

Skill      XL: |  1  2  3  4 |
---------------+-------------+-----
Fighting       | 4 5 6 |  6.4
Axes           | |  2.6
Armour         | |  3.2
Shields        | |  3.2

Action                   |  1- 3 |  4- 6 || total
-------------------------+-------+-------++-------
Melee: War axe           |    95 |    72 ||   167
  Use: Potion            |       |     1 ||     1
Armor: Scale mail        |    66 |    34 ||   100
Dodge: Dodged            |    56 |    41 ||    97
Block: Buckler           |    37 |    21 ||    58

Table legend: (Time is in decaauts)
 A = Elapsed time spent in this place.
 B = Non-inter-level travel time spent in this place.
 C = Inter-level travel time spent in this place.
 D = Time resting spent in this place.
 E = Time spent auto-exploring this place.
 F = Levels seen in this place.
 G = Mean time per level.
                   A        B        C        D        E       F      G
               +--------+--------+--------+--------+--------+-----+--------+
         Total |   2185 |   2090 |     95 |      0 |   1595 |   3 |  728.3 |
       Dungeon |   2185 |   2090 |     95 |      0 |   1595 |   3 |  728.3 |
               +--------+--------+--------+--------+--------+-----+--------+

Top non-repeatable levels by time:
     D:2: 1040 daAuts
     D:1: 899 daAuts
     D:3: 245 daAuts
